 Dungeon Crawl Stone Soup version 0.29.1-15-g9cfb28693d (webtiles) character file.

Game seed: 16561375070868755870

16408 croobank the Blocker (level 12, -5/113 HPs)
             Began as a Minotaur Fighter on May 1, 2023.
             Was an Elder of Jiyva.
             Slain by a manticore (14 damage)
             ... summoned by Kirke
             ... on level 12 of the Dungeon.
             The game lasted 00:57:13 (11674 turns).

croobank the Blocker (Minotaur Fighter)            Turns: 11674, Time: 00:57:14

Health: -5/113     AC:  0    Str: 25    XL:     12   Next: 9%
Magic:  11/11      EV: 13    Int:  9    God:    Jiyva [****..]
Gold:   237        SH:  5    Dex:  9    Spells: 11/11 levels left

rFire   . . .      SeeInvis .   (weapon currently unavailable)
rCold   . . .      Faith    .   (shield currently unavailable)
rNeg    . . .      Spirit   .   (body armour currently unavailable)
rPois   .          Reflect  +   (helmet currently unavailable)
rElec   .          Harm     .   (cloak currently unavailable)
rCorr   +          Rampage  .   (gloves currently unavailable)
Will    .....                   (boots unavailable)
Stlth   +.........              o - amulet of reflection
HPRegen 1.56/turn               (ring currently unavailable)
MPRegen 0.52/turn               (ring currently unavailable)

@: pig-form, slowed
A: fast, no casting, small, (horns 2), (retaliatory headbutt), (hooves 3),
(large bone plates 1), clever 1, (shaggy fur 2), (engulf)
a: Renounce Religion, Oozemancy, Slimify


You were on level 12 of the Dungeon.
You worshipped Jiyva.
Jiyva was greatly pleased with you.
You were a filthy swine.
You visited 1 branch of the dungeon, and saw 12 of its levels.
You also visited: Sewer, Bailey and Gauntlet.

You collected 546 gold pieces.
You spent 309 gold pieces at shops.

Inventory:

Hand Weapons
 a - a +1 war axe of venom (melded)
 h - a +4 dagger
 n - a +2 dagger of draining
 p - a +0 long sword
 q - a +1 dagger of venom
 y - a +1 hand axe of freezing
 A - a +0 great sword
 D - a +2 trident of flaming
 E - a +5 battleaxe
 G - a +0 scimitar of flaming
 J - a +0 vampiric dire flail
 P - a +8 scimitar
Missiles
 j - 11 javelins
 B - 9 boomerangs
 K - 5 throwing nets
 O - 2 curare-tipped darts
Armour
 c - a +1 pair of gloves (melded)
 l - the +1 hat "Zaseu" {Int+3}
   (You found it in a Gauntlet)

   Int:       It affects your intelligence (+3).
 C - a +2 buckler of fire resistance (melded)
 F - a +0 plate armour of fire resistance (melded)
 L - a +1 hat of stealth (melded)
 Q - a +2 scale mail of fire resistance
 S - a scarf of resistance (melded)
 W - the +4 scale mail "Ecebboc" {rC+ Dex+7}
   (You found it in a Gauntlet)

   Dex:       It affects your dexterity (+7).
   rC:        It protects you from cold.
Jewellery
 o - an amulet of reflection (around neck)
 s - a +4 ring of protection (melded)
 M - a +6 ring of dexterity
 N - a ring of protection from cold
 T - the ring "Juyjehap" (melded) {Fly rC+ EV+4}
   (You found it in a Gauntlet)

   [ring of evasion]

   EV:        It affects your evasion (+4).
   rC:        It protects you from cold.
   Fly:       It grants you flight.
 U - a ring of flight
Wands
 w - a wand of polymorph (9)
 x - a wand of roots (12)
 H - a wand of mindburst (7)
 R - a wand of paralysis (5)
Scrolls
 b - 2 scrolls of teleportation
 k - 4 scrolls of immolation
 V - a scroll of fear {unknown}
Potions
 d - 2 potions of might
 e - a potion of resistance
 f - a potion of mutation
 g - 3 potions of flight
 i - 2 potions of magic
 m - 2 potions of heal wounds
 r - 4 potions of brilliance {unknown}
 t - 2 potions of invisibility {unknown}
 u - 6 potions of haste {unknown}
 v - a potion of cancellation {unknown}
 z - 4 potions of curing {unknown}
 I - a potion of lignification {unknown}
Miscellaneous
 X - a phial of floods


   Skills:
 + Level 12.4 Fighting
 + Level 12.1 Axes
 + Level 12.4 Armour
 + Level 12.5 Shields


You had 11 spell levels left.
You didn't know any spells.
Your spell library contained the following spells:

 Spells                   Type           Power      Damage    Failure   Level
 Beastly Appendage        Tmut           0%         N/A       38%         1
 Wereblood                Tmut           0%         N/A       52%         2
 Inner Flame              Hex/Fire       0%         N/A       77%         3
 Spider Form              Tmut/Pois      0%         N/A       77%         3
 Fulminant Prism          Conj/Hex       0%         3d6       99%         4
 Summon Ice Beast         Ice/Summ       0%         N/A       99%         4
 Summon Hydra             Summ           0%         N/A       100%        7


Dungeon Overview and Level Annotations

Branches:
Dungeon (12/15)            Temple (0/1) D:6            Lair (0/5) D:9
    Orc (0/2) D:10          Sewer (visited)          Bailey (visited)
Gauntlet (visited)

Altars:
Ashenzari
Elyvilon
Gozag
Kikubaaqudgha
Okawaru
Ru
Sif Muna
Vehumet
Zin
The Shining One

Shops:
D:8 ([([

Annotations:
D:12 Kirke


Innate Abilities, Weirdness & Mutations

You are a filthy swine.
You move quickly.
Your equipment is almost entirely melded.
You are incapable of wielding weapons or throwing items.
You cannot cast spells.
((You have a pair of horns on your head.))
((You reflexively headbutt those who attack you in melee.))
((You have hooves in place of feet.))
((You are partially covered in large bone plates. (SH +4)))
Your mind is acute. (Int +4, Str/Dex -1)
((You are covered in thick fur. (AC +2)))
((Your melee attacks may engulf your foes in ooze.))


Message History

You closely miss the hog. The hog bites you!
Kirke points at you and mumbles some strange words.
You feel a momentary urge to oink.
You hit the hog.
The hog is lightly wounded.
The hog barely misses you.
You completely miss the hog.
The hog is lightly wounded.
The hog bites you!
Kirke points at you and mumbles some strange words.
You feel a momentary urge to oink.
You bite the hog!
The hog is moderately wounded.
The hog closely misses you.
Kirke casts a spell.
Kirke summons a sphinx!
You barely miss the hog.
The hog is moderately wounded.
The hog bites you!
Kirke points at you and mumbles some strange words.
You feel yourself slow down.
You hit the hog.
The hog is heavily wounded.
The hog barely misses you.
Kirke casts a spell.
Kirke summons a manticore!
You block the hog's attack. The manticore bites you.
The manticore barely misses you. x2
You completely miss Kirke. The hog bites you!
Kirke splashes a potion.
Kirke hits you! The manticore bites you! The manticore claws you.
The manticore claws you! The hog closely misses you.
You bite Kirke!
Kirke is lightly wounded.
Kirke casts a spell at you.
You feel a momentary urge to oink. The hog bites you!
* * * LOW HITPOINT WARNING * * *
The manticore bites you!
* * * LOW HITPOINT WARNING * * *
You block the manticore's attack. The manticore claws you!
You die...

#.# #.....###.# #.# #.#
#.........# #.# ####.#
##....(##### #.#
#....#####......# #.#
#.#####....####### #.#
#.##..............
#.##.##.##.####H##
#.##.##.##.# ##@##
#.##.##.##.###.hH#####.#
#.##.##.##.....#h.......
#.##.##.######...#.....#
#.##.##.## ##.## ....#
#.##.#...######.# ...#
#...^...........# ..#
######..<######.# #..>#
#....# #.# #...# #....#
#.# #...# ######


You could see Kirke, a sphinx (summoned), a manticore (summoned) and a hog.

Vanquished Creatures
  Gastronok (D:9)
  A hydra (D:11)
  Harold (D:9)
  A hell beast (Gauntlet)
  A two-headed ogre (D:8)
  Erica (D:8)
  Urug (D:10)
  An oklob plant (Gauntlet)
  2 cyclopes
  A manticore (D:11)
  2 ugly things (Gauntlet)
  Maurice (D:8)
  A kobold demonologist (D:10)
  Psyche (D:8)
  3 hornets
  5 trolls
  Prince Ribbit (D:8)
  2 wraiths (D:12)
  3 shadows
  2 wyverns
  8 yaks
  A large abomination (Gauntlet)
  Menkaure (D:6)
  A warg (D:10)
  3 acid dragons
  A black bear (D:7)
  6 orc warriors
  An ice beast (D:5)
  5 small abominations (Gauntlet)
  A centaur (D:8)
  3 ogres
  4 kobold brigands
  4 bullfrogs
  2 necrophages
  13 wights
  2 howler monkeys
  4 hounds
  2 gnoll boudas
  8 orc priests
  3 jellies (Sewer)
  3 iguanas
  9 orc wizards
  2 adders
  10 gnolls
  2 river rats (Sewer)
  3 white imps
  An ufetubus (D:7)
  3 worms
  4 dart slugs
  46 orcs
  15 endoplasms
  6 giant cockroaches
  14 goblins
  6 hobgoblins
  6 jackals
  10 ball pythons
  7 bats
  7 frilled lizards
  28 kobolds
  6 rats
293 creatures vanquished.

Vanquished Creatures (others)
  An acid blob (D:12)
  A great orb of eyes (Gauntlet)
  2 hogs (D:12)
  A human (D:10)
  2 water moccasins (D:7)
  An orc warrior (Bailey)
  An ice beast (D:7)
  A sky beast (D:6)
  A black bear (D:7)
  A centaur (D:8)
  A phantom (D:6)
  A bullfrog (D:7)
  A scorpion (D:6)
  A howler monkey (D:4)
  31 jellies
  5 orc priests
  An iguana (D:7)
  An orc wizard (D:7)
  4 gnolls
  An adder (D:4)
  A white imp (D:7)
  25 orcs
  2 endoplasms (D:4)
  A giant cockroach (D:4)
  2 goblins
  5 hobgoblins
  A jackal (D:4)
  3 kobolds
99 creatures vanquished.

Grand Total: 392 creatures vanquished

Notes
Turn   | Place    | Note
-------+----------+-------------------------------------------
     0 | D:1      | croobank the Minotaur Fighter began the quest for the Orb.
     0 | D:1      | Reached XP level 1. HP: 19/19 MP: 0/0
    94 | D:1      | Reached XP level 2. HP: 6/27 MP: 1/1
   831 | D:1      | Found a faded altar of an unknown god.
  1198 | D:2      | Reached XP level 3. HP: 33/33 MP: 2/2
  2518 | D:3      | Reached XP level 4. HP: 33/41 MP: 3/3
  2564 | D:3      | Found a glowing drain.
  2578 | D:3      | Reached XP level 5. HP: 32/47 MP: 4/4
  2588 | Sewer    | Entered a sewer
  2907 | Sewer    | Reached skill level 5 in Fighting
  2907 | Sewer    | Reached skill level 5 in Armour
  2907 | Sewer    | Reached skill level 5 in Shields
  3044 | Sewer    | Reached XP level 6. HP: 56/56 MP: 5/5
  3047 | Sewer    | Found a viscous altar of Jiyva.
  3093 | Sewer    | Became a worshipper of Jiyva Jytwupos the Shapeless
  3844 | D:4      | Reached * piety under Jiyva
  4321 | D:4      | Found a broken altar of Ashenzari.
  4682 | D:5      | Entered Level 5 of the Dungeon
  4706 | D:5      | Reached skill level 5 in Axes
  4749 | D:5      | Reached XP level 7. HP: 62/62 MP: 6/6
  4813 | D:5      | Found an iron altar of Okawaru.
  4928 | D:5      | Reached ** piety under Jiyva
  4945 | D:5      | Found a radiant altar of Vehumet.
  5098 | D:5      | Found a shimmering blue altar of Sif Muna.
  5183 | D:5      | Found a sacrificial altar of Ru.
  5544 | D:6      | Reached XP level 8. HP: 70/71 MP: 7/7
  5557 | D:6      | Reached *** piety under Jiyva
  5558 | D:6      | Found a staircase to the Ecumenical Temple.
  5595 | D:6      | Gained mutation: You are partially covered in large bone
                  | plates. (SH +4) [Jiyva's grace]
  5595 | D:6      | Gained mutation: You are mostly covered in large bone
                  | plates. (SH +6) [Jiyva's grace]
  5595 | D:6      | Gained mutation: You are completely covered in large bone
                  | plates. (SH +8) [Jiyva's grace]
  5595 | D:6      | Gained mutation: Your mind is acute. (Int +4, Str/Dex -1)
                  | [Jiyva's grace]
  5898 | D:6      | Found an opulent altar of Gozag.
  5974 | D:6      | Noticed Menkaure
  5979 | D:6      | Killed Menkaure
  6500 | D:7      | Found a flagged portal.
  6511 | Bailey   | Entered a bailey
  6517 | Bailey   | Noticed an orc warlord
  6620 | Bailey   | Reached **** piety under Jiyva
  6621 | Bailey   | Found a runed translucent gate.
  6621 | Bailey   | Found a runed translucent gate.
  6621 | Bailey   | Found a runed translucent gate.
  7285 | D:8      | Noticed a hornet
  7286 | D:8      | Noticed a two-headed ogre
  7296 | D:7      | Reached XP level 9. HP: 81/81 MP: 8/8
  7331 | D:8      | Noticed Prince Ribbit
  7331 | D:8      | Found Nonwabau's Antique Weapon Emporium.
  7349 | D:8      | Killed a two-headed ogre
  7378 | D:8      | Killed Prince Ribbit
  7396 | D:8      | Found an ancient bone altar of Kikubaaqudgha.
  7399 | D:8      | Noticed Maurice
  7404 | D:8      | Noticed Psyche
  7413 | D:8      | Killed Psyche
  7431 | D:8      | Killed Maurice
  7671 | D:8      | Found Deul's Antique Armour Boutique.
  7679 | D:8      | Bought a glowing buckler for 255 gold pieces
  7737 | D:8      | Reached ***** piety under Jiyva
  7759 | D:8      | Found Wummubau's Armour Emporium.
  7785 | D:8      | Found Yteidil's Antique Weapon Boutique.
  7795 | D:8      | Bought a +0 pair of gloves for 54 gold pieces
  7867 | D:8      | Reached XP level 10. HP: 91/91 MP: 9/9
  7928 | D:8      | Noticed Erica
  7957 | D:8      | Killed Erica
  8108 | D:9      | Noticed Harold
  8124 | D:9      | Killed Harold
  8125 | D:9      | Reached skill level 10 in Fighting
  8125 | D:9      | Reached skill level 10 in Armour
  8125 | D:9      | Reached skill level 10 in Shields
  8414 | D:9      | Noticed Gastronok
  8446 | D:9      | Killed Gastronok
  8447 | D:9      | Reached skill level 10 in Axes
  8637 | D:9      | Found a staircase to the Lair.
  9022 | D:9      | Lost mutation: You are completely covered in large bone
                  | plates. (SH +8) [Jiyva's grace]
  9022 | D:9      | Gained mutation: You are covered in fur. (AC +1) [Jiyva's
                  | grace]
  9022 | D:9      | Gained mutation: You are covered in thick fur. (AC +2)
                  | [Jiyva's grace]
  9022 | D:9      | Gained mutation: Your thick and shaggy fur keeps you warm.
                  | (AC +3, rC+) [Jiyva's grace]
  9022 | D:9      | Gained mutation: Your movements are slightly less
                  | encumbered by armour. (ER -2) [Jiyva's grace]
  9088 | D:9      | Reached XP level 11. HP: 101/101 MP: 10/10
  9492 | D:9      | Found a white marble altar of Elyvilon.
  9493 | D:9      | Found a glowing silver altar of Zin.
  9494 | D:9      | Found a glowing golden altar of the Shining One.
  9549 | D:10     | Entered Level 10 of the Dungeon
  9817 | D:10     | Noticed Urug
  9845 | D:10     | Killed Urug
 10034 | D:10     | Found a staircase to the Orcish Mines.
 10196 | D:10     | Reached ****** piety under Jiyva
 10348 | D:11     | Noticed a five-headed hydra
 10361 | D:11     | Killed a one-headed hydra
 10886 | D:12     | Lost mutation: You are mostly covered in large bone plates.
                  | (SH +6) [Jiyva's grace]
 10886 | D:12     | Lost mutation: Your thick and shaggy fur keeps you warm.
                  | (AC +3, rC+) [Jiyva's grace]
 10886 | D:12     | Lost mutation: Your movements are slightly less encumbered
                  | by armour. (ER -2) [Jiyva's grace]
 10886 | D:12     | Gained mutation: Your melee attacks may engulf your foes in
                  | ooze. [Jiyva's grace]
 10886 | D:12     | Gained mutation: You have large cloven feet. [Jiyva's
                  | grace]
 10886 | D:12     | Gained mutation: You have hoof-like feet. [Jiyva's grace]
 10886 | D:12     | Gained mutation: You have hooves in place of feet. [Jiyva's
                  | grace]
 10889 | D:12     | Noticed Frances
 10895 | D:12     | Noticed a sun demon
 10895 | D:12     | Slimified Frances
 10895 | D:12     | Noticed Frances
 10895 | D:12     | Frances changed into Frances the acid blob
 11018 | D:12     | Killed Frances the acid blob
 11166 | D:12     | Found a gate leading to a gauntlet.
 11181 | Gauntlet | Entered a Gauntlet
 11181 | Gauntlet | Found a transporter.
 11182 | Gauntlet | Found a runed translucent gate.
 11182 | Gauntlet | Found a runed translucent gate.
 11182 | Gauntlet | Noticed an oklob plant
 11183 | Gauntlet | Found a runed translucent gate.
 11188 | Gauntlet | Found a transporter.
 11192 | Gauntlet | Found a transporter.
 11200 | Gauntlet | Found a transporter.
 11204 | Gauntlet | Found a transporter.
 11215 | Gauntlet | Found a transporter.
 11216 | Gauntlet | Found a transporter.
 11218 | Gauntlet | Noticed a hell beast
 11220 | Gauntlet | Killed a great orb of eyes
 11225 | Gauntlet | Found a transporter.
 11228 | Gauntlet | Found a transporter.
 11236 | Gauntlet | Found a transporter.
 11236 | Gauntlet | Noticed a cyan ugly thing
 11292 | Gauntlet | Found a transporter.
 11306 | Gauntlet | Killed an oklob plant
 11318 | Gauntlet | Found a transporter.
 11381 | Gauntlet | Found a transporter.
 11402 | Gauntlet | Killed a hell beast
 11403 | Gauntlet | Reached XP level 12. HP: 108/113 MP: 11/11
 11514 | Gauntlet | Found a transporter.
 11525 | Gauntlet | Identified the +1 hat "Zaseu" {Int+3}
 11545 | Gauntlet | Identified the ring "Juyjehap" {Fly rC+ EV+4}
 11562 | Gauntlet | Noticed a minotaur
 11565 | Gauntlet | Slimified a minotaur
 11565 | Gauntlet | Noticed an acid blob
 11565 | Gauntlet | a minotaur changed into an acid blob
 11572 | Gauntlet | Identified the +4 scale mail "Ecebboc" {rC+ Dex+7}
 11573 | Gauntlet | Got the Directory of the Enchanting Gathering
 11665 | D:12     | Noticed Kirke
 11670 | D:12     | Noticed a sphinx
 11674 | D:12     | Slain by a manticore

Illustrated notes

Levels and vault maps discovered:
D:1:      wheals_arrival_linesprint, layout_basic,
          hellmonk_ecumenical_altar_blasted
D:2:      layout_loops_cross
D:3:      layout_rooms, cheibrodos_sewer_entry_sluice, chequers_arboretum
D:4:      layout_layer_cave, lemuel_doored_altar
D:5:      layout_loops_cross, vehumet_crystals, okawaru_gym_becter,
          mainiacjoe_overflow_catch_the_wave
D:6:      layout_loops_ring, nicolae_overflow_crystal_walls,
          minmay_temple_entry_slanted, uniq_menkaure
D:7:      layout_basic, enter_bailey_4, roderic_st_hans_cross
D:8:      layout_cave_pools, kennysheep_mini_moat, serial_shops,
          nicolae_shop_trees, shop, shop, nicolae_square_shop,
          minmay_manual_mares, uniq_prince_ribbit1, uniq_erica, uniq_maurice,
          uniq_psyche
D:9:      kennysheep_ambush_hall, layout_basic, dreamdust_divine_triumvirate,
          lair_entry_dummy, uniq_harold, uniq_gastronok
D:10:     layout_basic, erik_orc_4, david_defended_altar_orc, uniq_urug
D:11:     layout_irregular_city
D:12:     layout_loops_ring, gauntlet_entry_generic, uniq_snorg, uniq_frances,
          uniq_kirke

Skill      XL: |  1  2  3  4  5  6  7  8  9 10 11 |
---------------+----------------------------------+-----
Shields        | 4 5 6 8 9 10 12 | 12.5
Fighting       | 4 5 6 7 9 10 12 | 12.4
Armour         | 4 5 6 7 9 10 12 | 12.4
Axes           | 3 4 5 6 7 9 10 12 | 12.1

Action                   |  1- 3 |  4- 6 |  7- 9 | 10-12 || total
-------------------------+-------+-------+-------+-------++-------
Melee: War axe           |    91 |   134 |   242 |   340 ||   807
       Headbutt          |    12 |    16 |    31 |    72 ||   131
       Dagger            |     5 |       |       |       ||     5
       Kick              |       |       |       |    30 ||    30
       Scimitar          |       |       |       |     6 ||     6
       Unarmed           |       |       |       |     8 ||     8
Throw: Javelin           |       |     4 |     1 |       ||     5
       Throwing net      |       |       |     3 |       ||     3
Invok: Oozemancy         |       |       |       |     5 ||     5
       Slimify           |       |       |       |     2 ||     2
Evoke: Wand              |       |     1 |       |       ||     1
  Use: Scroll            |     3 |     4 |     6 |     3 ||    16
       Potion            |       |       |       |     2 ||     2
Armor: Scale mail        |    59 |    53 |    16 |       ||   128
       Plate armour      |       |       |    37 |   103 ||   140
Dodge: Dodged            |    34 |    42 |    51 |    56 ||   183
Block: Buckler           |    34 |    65 |   179 |   322 ||   600
       Reflection        |     2 |     4 |    10 |    10 ||    26
       Other             |       |       |       |     2 ||     2
